 Dungeon Crawl Stone Soup version 0.30-a0-241-g1121274140 (webtiles) character file.

Game seed: 12673988460259943311

1865 KennySheep the Changer (level 8, -1/63 HPs)
             Began as a Demigod Transmuter on Oct 10, 2022.
             Slain by a sky beast (6 damage)
             ... on level 7 of the Dungeon.
             The game lasted 00:20:36 (6189 turns).

KennySheep the Changer (Demigod Transmuter)         Turns: 6189, Time: 00:20:37

Health: -1/63      AC:  6    Str: 15    XL:     8   Next: 59%
Magic:  12/14      EV: 21    Int: 22    God:
Gold:   173        SH:  0    Dex: 18    Spells: 2/12 levels left

rFire   . . .      SeeInvis .      - Unarmed
rCold   . . .      Faith    .    (shield currently unavailable)
rNeg    . . .      Spirit   .    (body armour currently unavailable)
rPois   x          Reflect  .    (helmet currently unavailable)
rElec   .          Harm     .    (cloak currently unavailable)
rCorr   .          Rampage  .    (gloves currently unavailable)
Will    .....                    (boots currently unavailable)
Stlth   ++........               (no amulet)
HPRegen 0.30/turn                h - +4 ring of protection
MPRegen 0.14/turn                (no ring)

@: spider-form (expiring)
A: venomous fangs, tiny, high MP 1, forlorn, divine attributes, strong 1,
MP-powered wands
a: End Transformation


You were on level 7 of the Dungeon.
You were a venomous arachnid creature.
You visited 1 branch of the dungeon, and saw 7 of its levels.

You collected 277 gold pieces.
You spent 104 gold pieces at shops.

Inventory:

Missiles
 u - 4 throwing nets
Armour
 a - a +1 robe (melded)
 s - a +0 pair of boots (melded)
 x - a +0 cloak (melded)
Jewellery
 c - the ring "Qer Idox" {rC+ Str+4 Stlth+}
   (You found it on level 5 of the Dungeon)

   [ring of protection from cold]

   Str:       It affects your strength (+4).
   rC:        It protects you from cold.
   Stlth:     It makes you more stealthy.
 h - a +4 ring of protection (left front leg)
Wands
 q - a wand of paralysis (16)
 t - a wand of polymorph (9)
Scrolls
 b - a scroll of enchant weapon
 d - a scroll of identify
 f - 2 scrolls of enchant armour
 k - a scroll of amnesia
 l - a scroll of magic mapping
 m - a scroll of teleportation
 o - a scroll of blinking
 v - a scroll of immolation
 w - 4 scrolls of vulnerability
Potions
 e - 3 potions of attraction
 g - 6 potions of curing
 n - a potion of might {unknown}
 p - 2 potions of haste {unknown}
 r - a potion of magic {unknown}
 z - a potion of cancellation {unknown}
 A - a potion of degeneration
 B - a potion of heal wounds {unknown}


   Skills:
 + Level 3.1 Fighting
 + Level 3.5 Dodging
 - Level 3.0 Stealth
 * Level 5.3 Unarmed Combat
 - Level 2.5 Spellcasting
 * Level 6.0 Transmutations
 + Level 1.9 Ice Magic
 - Level 4.0 Poison Magic


You had 2 spell levels left.
You knew the following spells:

 Your Spells              Type           Power      Damage    Failure   Level
a - Beastly Appendage     Tmut           58%        N/A       5%          1
b - Wereblood             Tmut           29%        N/A       7%          2
c - Ice Form              Ice/Tmut       20%        N/A       47%         4
z - Spider Form           Tmut/Pois      24%        N/A       14%         3

Your spell library contained the following spells:

 Spells                   Type           Power      Damage    Failure   Level
 Apportation              Tloc           4%         N/A       30%         1
 Necrotise                Necr           8%         1d4       30%         1
 Summon Small Mammal      Summ           8%         N/A       30%         1
 Blink                    Tloc           4%         N/A       41%         2
 Summon Guardian Golem    Hex/Summ       2%         N/A       58%         3
 Leda's Liquefaction      Hex/Erth       1%         N/A       91%         4
 Manifold Assault         Tloc           2%         N/A       91%         4
 Lee's Rapid Deconstruct  Erth           1%         3d5*      99%         5
 Statue Form              Tmut/Erth      10%        N/A       100%        6
 Orb of Destruction       Conj           1%         9d5       100%        7
 Spellforged Servitor     Conj/Summ      1%         N/A       100%        7
 Storm Form               Tmut/Air       8%         N/A       100%        7


Dungeon Overview and Level Annotations

Branches:
Dungeon (7/15)             Temple (0/1) D:4

Shops:
D:4 !

Annotations:
D:6 2 transporters, CertainDeath's ghost, amateur AtWr


Innate Abilities, Weirdness & Mutations

You are a venomous arachnid creature.
You have poisonous fangs.
You are tiny and dextrous.
Your spellcasting is less reliable in this form.
Your armour is entirely melded.
You are incapable of wielding weapons or throwing items.
You have an increased reservoir of magic. (+10% MP)
You shall have no god before yourself.
Your divine heritage dramatically boosts your attributes as you level up.
Your muscles are strong. (Str +4, Int/Dex -1)
You expend magic power (3 MP) to strengthen your wands.


Message History

You see here a hound corpse.
Found an escape hatch in the floor.
Something hits you. Something shocks you. Something hits you.
Something shocks you.
You see here a hound corpse.
Something barely misses you. Something hits you. Something shocks you.
You closely miss something. You headbutt something.
Something hits you but does no damage.
You closely miss something. Your kick misses something. Something hits you.
Something shocks you.
You closely miss something. Something hits you but does no damage.
Casting: Beastly Appendage (safe; 1% risk of failure)
Confirm with . or Enter, or press ? or * to list all spells.
Your horns disappear.
Your talons disappear.
Your +0 pair of boots unmelds from your body.
You turn into a venomous arachnid creature.
Your +0 cloak melds into your body.
Your +0 pair of boots melds into your body.
Your +1 robe melds into your body.
Something hits you. Something shocks you.
You closely miss something. Something hits you but does no damage.
You closely miss something. Something hits you.
* * * LOW HITPOINT WARNING * * *
Something shocks you.
* * * LOW HITPOINT WARNING * * *
Something hits you but does no damage.
You bite something! Something barely misses you. Something hits you.
* * * LOW HITPOINT WARNING * * *
Something shocks you.
* * * LOW HITPOINT WARNING * * *
Okay, then.
You barely miss something. Something closely misses you.
You barely miss something. Something barely misses you.
You hit something. You miss something.
Your transformation is almost over.
Something hits you.
* * * LOW HITPOINT WARNING * * *
Something shocks you.
You die...

#.#.. ## ####.....
..#.# ##.#....##
#....# ##........#
##....###.........#
.......#..†.......#
#...#...###......#
#.......#>.....#
#####
###...#s#.###..#
#.... #.).#.#.# ..
#.### #...#.#.# .
#.# #####.#.# #.#
#.#.# #.# #.# #.#
#.#.#<# #.# #.#.#.#
#.# #.#)#.# #.#


There were no monsters in sight!

Vanquished Creatures
  A water moccasin (D:6)
  2 ice beasts
  An ogre (D:4)
  3 centaurs
  A phantom (D:5)
  A kobold brigand (D:6)
  A gnoll sergeant (D:5)
  5 scorpions
  2 bullfrogs (D:7)
  4 hounds
  An orc priest (D:4)
  3 jellies (D:6)
  An orc wizard (D:4)
  Natasha (thrice) (D:2)
  9 adders
  12 gnolls (D:5)
  An ufetubus (D:6)
  A dart slug (D:1)
  10 orcs
  6 bats
  5 endoplasms
  9 giant cockroaches
  5 goblins
  5 hobgoblins
  8 jackals
  8 kobolds
  2 quokkas
  6 ball pythons
  2 frilled lizards (D:1)
  3 rats (D:1)
121 creatures vanquished.

Vanquished Creatures (others)
  6 plants (D:6)
6 creatures vanquished.

Grand Total: 127 creatures vanquished

Notes
Turn   | Place    | Note
-------+----------+-------------------------------------------
     0 | D:1      | KennySheep the Demigod Transmuter began the quest for the
                  | Orb.
     0 | D:1      | Reached XP level 1. HP: 15/15 MP: 5/5
    59 | D:1      | Reached skill level 2 in Transmutations
   232 | D:1      | Reached XP level 2. HP: 22/22 MP: 7/7
   973 | D:2      | Reached XP level 3. HP: 26/27 MP: 9/9
  1100 | D:2      | Learned a level 2 spell: Wereblood
  1104 | D:2      | Learned a level 3 spell: Spider Form
  1219 | D:2      | Noticed Natasha
  1230 | D:2      | Killed Natasha
  1231 | D:2      | Reached skill level 3 in Transmutations
  1231 | D:2      | Reached skill level 1 in Poison Magic
  1359 | D:2      | Noticed Natasha
  1367 | D:2      | Killed Natasha
  1368 | D:2      | Reached XP level 4. HP: 33/34 MP: 6/10
  1593 | D:2      | Noticed Natasha
  1602 | D:2      | Killed Natasha
  1968 | D:3      | Reached XP level 5. HP: 15/39 MP: 11/11
  2624 | D:4      | Reached skill level 4 in Transmutations
  2853 | D:4      | Found a staircase to the Ecumenical Temple.
  3123 | D:4      | Found Vabbaid's Distillery.
  3133 | D:4      | Bought a potion of mutation for 104 gold pieces
  3207 | D:4      | Noticed an ogre
  3219 | D:4      | Killed an ogre
  3220 | D:4      | Reached skill level 1 in Fighting
  3220 | D:4      | Reached XP level 6. HP: 47/47 MP: 9/12
  3396 | D:4      | Learned a level 4 spell: Ice Form
  3425 | D:5      | Entered Level 5 of the Dungeon
  3489 | D:5      | Reached skill level 1 in Stealth
  3792 | D:5      | Reached XP level 7. HP: 50/53 MP: 11/13
  4133 | D:5      | Reached skill level 5 in Transmutations
  4722 | D:5      | Identified the ring "Qer Idox" {rC+ Str+4 Stlth+}
  4866 | D:6      | Gained mutation: You expend magic power (3 MP) to
                  | strengthen your wands. [potion of mutation]
  4866 | D:6      | Gained mutation: Your muscles are strong. (Str +4, Int/Dex
                  | -1) [potion of mutation]
  4883 | D:6      | Reached XP level 8. HP: 26/62 MP: 10/14
  5002 | D:6      | Identified the +9 scale mail of Taubba {rF- Int+9}
  5002 | D:6      | Identified the +2 buckler of the Griffon {rElec rF- Regen+
                  | Dex+6}
  5008 | D:6      | Noticed CertainDeath's ghost (amateur AtWr)
  5047 | D:6      | Reached skill level 1 in Ice Magic
  5583 | D:6      | Reached skill level 5 in Unarmed Combat
  5697 | D:6      | Found a transporter.
  5698 | D:6      | Found a transporter.
  6093 | D:7      | Reached skill level 6 in Transmutations
  6160 | D:7      | Identified the +11 long sword of the Healing Sybil {drain,
                  | Str+3}
  6189 | D:7      | Slain by a sky beast

Illustrated notes

Levels and vault maps discovered:
D:1:      mainiacjoe_arrival_reflecting_pool, layout_loops_ring,
          ebering_ecumenical_altar_abandoned, chequers_jeans, minmay_hexomino_p4
D:2:      layout_loops_ring, basic_altar, uniq_natasha
D:3:      layout_rooms, minmay_misc_feat_cross
D:4:      layout_basic, mainiacjoe_overflow_brackets,
          chequers_temple_overflow_minitemple, minmay_temple_entry_mini_moons,
          serial_shops, nicolae_lakefront_shop
D:5:      layout_basic, lemuel_round_altar, gup_sewer_entry_glass,
          minmay_liquid_box, item_on_display_a
D:6:      layout_basic, gammafunk_ghost_gnarly_gnolls
D:7:      due_chaos_kobolds, layout_basic, lemuel_mausoleum_altar_kikubaaqudgha,
          nicolae_figureground_pulse

Skill      XL: |  1  2  3  4  5  6  7  8 |
---------------+-------------------------+-----
Spellcasting   | 2 |  2.5
Transmutations | 2 3 4 5 6 |  6.0
Poison Magic   | 1 2 3 4 |  4.0
Fighting       | 1 2 3 |  3.1
Dodging        | 2 3 |  3.5
Unarmed Combat | 3 4 5 |  5.3
Stealth        | 1 2 3 |  3.0
Ice Magic      | 1 |  1.9

Action                   |  1- 3 |  4- 6 |  7- 9 || total
-------------------------+-------+-------+-------++-------
Melee: Unarmed           |   112 |   202 |   223 ||   537
       Kick              |    14 |    28 |    18 ||    60
       Headbutt          |     7 |    12 |     7 ||    26
       Punch             |       |     2 |     6 ||     8
 Cast: Beastly Appendage |    13 |    11 |    11 ||    35
       Spider Form       |     1 |     5 |    14 ||    20
  Use: Scroll            |     1 |     9 |     2 ||    12
       Potion            |     1 |     3 |     2 ||     6
 Stab: Sleeping          |     3 |     2 |     2 ||     7
       Distracted        |       |       |     1 ||     1
Armor: Robe              |    26 |    50 |    61 ||   137
       Skin              |     2 |    27 |    29 ||    58
Dodge: Dodged            |    76 |   136 |   222 ||   434

Table legend: (Time is in decaauts)
 A = Elapsed time spent in this place.
 B = Non-inter-level travel time spent in this place.
 C = Inter-level travel time spent in this place.
 D = Time resting spent in this place.
 E = Time spent auto-exploring this place.
 F = Levels seen in this place.
 G = Mean time per level.
                   A        B        C        D        E       F      G
               +--------+--------+--------+--------+--------+-----+--------+
         Total |   6162 |   5988 |    174 |    575 |   4275 |   7 |  880.3 |
       Dungeon |   6162 |   5988 |    174 |    575 |   4275 |   7 |  880.3 |
               +--------+--------+--------+--------+--------+-----+--------+

Top non-repeatable levels by time:
     D:5: 1344 daAuts
     D:6: 1125 daAuts
     D:4: 981 daAuts
     D:1: 945 daAuts
     D:2: 792 daAuts
     D:3: 743 daAuts
     D:7: 230 daAuts
